 Dungeon Crawl Stone Soup version 0.18.1-47-g9310371 (webtiles) character file.

95 M4edhros the Sneak (level 4, -3/28 HPs)
             Began as an Octopode Artificer on June 13, 2016.
             Slain by a wraith (7 damage)
             ... in an ossuary.
             The game lasted 00:01:49 (1670 turns).

M4edhros the Sneak (Octopode Artificer)             Turns: 1670, Time: 00:01:50

Health: -3/28      AC:  1    Str: 15    XL:     4   Next: 66%
Magic:  6/6        EV: 16    Int: 19    God:
Gold:   79         SH:  0    Dex: 13    Spells: 0 memorised, 3 levels left

rFire  . . .     SeeInvis .     j - +7 club
rCold  . . .     Gourm    .     (no shield)
rNeg   . . .     Faith    .     (helmet restricted)
rPois  .         Spirit   .     (no amulet)
rElec  .         Dismiss  .     m - +4 ring of evasion
rCorr  .         Reflect  .     (no ring)
SustAt .         Harm     .     (no ring)
MR     .....                    (no ring)
Stlth  ++++......               (no ring)
                                (no ring)
                                (no ring)
                                (no ring)

@: mighty, brilliant, not resistant to hostile enchantments, stealthy
A: almost no armour, amphibious, 8 rings, constrict 8, camouflage 1, gelatinous
body 1
a: no special abilities


You were in an ossuary.
You were very hungry.

You visited 1 branch of the dungeon, and saw 4 of its levels.
You also visited: Ossuary.

You collected 79 gold pieces.

Inventory:

Hand Weapons
 a - a +0 short sword
 j - a +7 club (weapon)
Jewellery
 m - a +4 ring of evasion (left tentacle)
Wands
 b - a wand of flame (10/48)
 c - a wand of enslavement (15/24)
 d - a wand of random effects (35/48)
Potions
 i - a potion of heal wounds {unknown}
 k - a potion of cure mutation {unknown}
Comestibles
 f - a bread ration
 g - a beef jerky


   Skills:
 - Level 1.0 Fighting
 - Level 1.0 Short Blades
 * Level 1.9 Maces & Flails
 - Level 2.0 Dodging
 + Level 5.3 Stealth
 - Level 3.2 Evocations


You had 3 spell levels left.
You didn't know any spells.

Dungeon Overview and Level Annotations

Branches:
Dungeon (4/15)
 Temple: D:4-7

Altars:

Shops:
D:4 *


Innate Abilities, Weirdness & Mutations

You cannot wear most types of armour.
You are amphibious.
You can wear up to eight rings at the same time.
You can use your tentacles to constrict eight enemies at once.
Your skin changes colour to match your surroundings (Stealth).
Your rubbery body absorbs attacks (AC +1).


Message History

You feel clever all of a sudden.
Drink which item? (? for menu, Esc to quit)
It was a potion of might.
You feel very mighty all of a sudden.
You hit the wraith.
The wraith is moderately damaged.
The wraith hits you! The wraith misses you.
You closely miss the wraith. You squeeze the wraith!
The wraith is heavily damaged.
The wraith hits you!
* * * LOW HITPOINT WARNING * * *
Unknown command.
Evoke which item? (* to show all) (? for menu, Esc to quit)
Okay, then.
Drink which item? (? for menu, Esc to quit)
Okay, then.
You closely miss the wraith.
The wraith is heavily damaged.
The wraith hits you!
You die...

.. ......## ....#
..##'##...## ....#
.##...##...##....# .
##.!!..##..Z#....# ..
#..???..#...'....#
...##.???.##...#....#
#...##...##..Z##....#
#...#####.W.## ....#
#........@##......#
..#####'#####....Z.Z#
..................∩.#
.................Z.Z#
######'''######
####...####
#..'...'..#
#..#...#..#
####...####


You could see a wraith and 2 kobold skeletons.

Vanquished Creatures
  A hound (D:4)
  Ijyb (D:2)
  A mummy (Ossuary)
  An adder skeleton (D:4)
  A worm (D:2)
  An orc (D:4)
  5 bats (D:1)
  2 giant cockroaches (D:1)
  A goblin (D:1)
  A hobgoblin (D:1)
  A ball python (D:1)
  A giant newt (D:1)
  2 gnoll skeletons (Ossuary)
  3 kobold skeletons (Ossuary)
  4 orc skeletons (Ossuary)
  A rat (D:3)
27 creatures vanquished.

Notes
Turn   | Place    | Note
--------------------------------------------------------------
     0 | D:1      | M4edhros the Octopode Artificer began the quest for the Orb.
     0 | D:1      | Reached XP level 1. HP: 13/13 MP: 3/3
    86 | D:1      | Reached skill level 2 in Stealth
   105 | D:1      | Reached skill level 3 in Stealth
   105 | D:1      | Reached XP level 2. HP: 12/18 MP: 4/4
   292 | D:2      | Noticed Ijyb
   296 | D:2      | Killed Ijyb
   296 | D:2      | Reached skill level 4 in Stealth
   296 | D:2      | Reached XP level 3. HP: 11/23 MP: 5/5
  1042 | D:4      | Found Buprarph's Assorted Antiques.
  1154 | D:4      | Found a sand-covered staircase.
  1159 | D:4      | Reached skill level 1 in Maces & Flails
  1159 | D:4      | Reached skill level 5 in Stealth
  1159 | D:4      | Reached XP level 4. HP: 18/28 MP: 6/6
  1174 | Ossuary  | Entered an ossuary
  1174 | Ossuary  | Noticed a wraith
  1174 | Ossuary  | Noticed a wraith
  1174 | Ossuary  | Noticed a wraith
  1652 | Ossuary  | Noticed a wraith
  1670 | Ossuary  | Slain by a wraith

Skill      XL: |  1  2  3 |
---------------+----------+-----
Stealth        | 3 4 5 |  5.3
Maces & Flails | 1 |  1.9
Fighting       | |  1.0
Short Blades   | |  1.0
Dodging        | |  2.0
Evocations     | |  3.2

Action                   |  1- 3 |  4- 6 || total
-------------------------+-------+-------++-------
Melee: Short sword       |    23 |       ||    23
       Tentacles         |     5 |     4 ||     9
       Constrict         |     6 |     7 ||    13
       Club              |    12 |    17 ||    29
Evoke: Wand              |     1 |     5 ||     6
  Use: Scroll            |       |     2 ||     2
       Potion            |       |     2 ||     2
 Stab: Sleeping          |     9 |       ||     9
  Eat: Chunk             |       |     1 ||     1
Armor: Skin              |     6 |       ||     6
Dodge: Dodged            |    22 |     3 ||    25
